 Dungeon Crawl Stone Soup version 0.30.1-1-g62c8e00024 (webtiles) character file.

Game seed: 394919731131417890

24220 AdnanSaban the Basher (level 13, 0/82 HPs)
             Began as a Gargoyle Fighter on July 15, 2023.
             Was the Champion of Okawaru.
             Killed from afar by an ironbound frostheart (3 damage)
             ... by creeping frost
             ... in an ice cave.
             The game lasted 00:55:29 (13119 turns).

AdnanSaban the Basher (Gargoyle Fighter)           Turns: 13119, Time: 00:55:59

Health: 0/82       AC: 41    Str: 24    XL:     13   Next: 11%
Magic:  11/13      EV:  8    Int: 10    God:    Okawaru [******]
Gold:   744        SH: 18    Dex:  9    Spells: 12/12 levels left

rFire   + + .        H - +10 mace of Osol {heavy, rF++ rN++ Will+}
rCold   + . .        W - +0 tower shield
rNeg    + + +        c - +4 plate armour {rC+}
rPois   ∞            (no helmet)
rElec   +            F - +2 cloak
rCorr   .            j - +0 pair of gloves
SInv    .            i - +2 pair of boots
Will    ++...        (no amulet) Stlth
                     h - ring of willpower
HPRegen 0.33/turn    T - ring of positive energy
MPRegen 0.13/turn

%: no passive effects
@: heroic, frozen, very slow
A: sickness immunity, AC +9, negative energy resistance 1, electricity
resistance, torment resistance 1, petrification resistance
a: Renounce Religion, Heroism, Finesse, Duel


You were in an ice cave.
You worshipped Okawaru.
Okawaru was exalted by your worship.
You visited 2 branches of the dungeon, and saw 13 of its levels.
You also visited: Bailey and Ice Cave.

You collected 744 gold pieces.

Inventory:

Hand Weapons
 A - a +6 lajatang of distortion
 H - the +10 mace of Osol (weapon) {heavy, rF++ rN++ Will+}
   (You took it off an orc on level 5 of the Dungeon)

   rF:        It greatly protects you from fire.
   rN:        It greatly protects you from negative energy.
   Will:      It increases your willpower.
Missiles
 O - a javelin (quivered)
Armour
 c - a +4 plate armour of cold resistance (worn)
 i - a +2 pair of boots (worn)
 j - a +0 pair of gloves (worn)
 F - a +2 cloak (worn)
 M - a +2 chain mail of willpower
 W - a +0 tower shield (worn)
Jewellery
 h - a ring of willpower (left hand)
 R - a ring of fire
 T - a ring of positive energy (right hand)
Wands
 w - a wand of mindburst (13)
 y - a wand of charming (3)
 D - a wand of flame (30)
 L - a wand of quicksilver (20)
 V - a wand of iceblast (5)
Scrolls
 b - a scroll of fear {unknown}
 f - 4 scrolls of magic mapping {unknown}
 k - 3 scrolls of butterflies {unknown}
 l - 2 scrolls of poison {unknown}
 n - 3 scrolls of identify {unknown}
 p - 4 scrolls of enchant armour {unknown}
 q - 4 scrolls of immolation {unknown}
 r - 2 scrolls of fog {unknown}
 u - 2 scrolls of brand weapon {unknown}
 v - 2 scrolls of noise {unknown}
 z - a scroll of silence {unknown}
 B - 2 scrolls of torment {unknown}
 G - 4 scrolls of teleportation {unknown}
 P - a scroll of amnesia {unknown}
 Q - 2 scrolls of enchant weapon {unknown}
 U - 5 scrolls of acquirement {unknown}
 X - 2 scrolls of vulnerability {unknown}
 Y - a scroll of blinking {unknown}
Potions
 a - a potion of mutation {unknown}
 d - a potion of might
 e - 4 potions of heal wounds {unknown}
 g - 2 potions of invisibility {unknown}
 m - 3 potions of brilliance {unknown}
 o - 4 potions of haste {unknown}
 s - 4 potions of lignification {unknown}
 t - a potion of degeneration {unknown}
 x - a potion of cancellation {unknown}
 C - a potion of resistance {unknown}
 E - 5 potions of ambrosia {unknown}
 I - a potion of attraction {unknown}
 N - a potion of experience {unknown}
 Z - a potion of curing {unknown}
Miscellaneous
 S - a phantom mirror


   Skills:
 + Level 10.0(15.0) Fighting
 + Level 13.5(18.5) Maces & Flails
 + Level 12.8(17.8) Armour
 + Level 11.5(16.5) Shields
 + Level 0.4 Invocations


You had 12 spell levels left.
You didn't know any spells.
Your spell library contained the following spells:

 Spells                   Type           Power      Damage    Failure   Level
 Sandblast                Erth           0%         2d4       99%         1
 Sting                    Tmut/Pois      0%         1d3       99%         1
 Blink                    Tloc           0%         N/A       100%        2
 Passwall                 Tmut/Erth      0%         N/A       100%        2
 Poisonous Vapours        Pois/Air       0%         N/A       100%        2
 Frozen Ramparts          Ice            0%         1d1       100%        3
 Stone Arrow              Conj/Erth      0%         3d7       100%        3
 Ice Form                 Ice/Tmut       0%         N/A       100%        4
 Manifold Assault         Tloc           0%         N/A       100%        4
 Olgreb's Toxic Radiance  Pois           0%         N/A       100%        4
 Dispersal                Tloc           0%         N/A       100%        6
 Storm Form               Tmut/Air       0%         N/A       100%        7
 Disjunction              Tloc           0%         N/A       100%        8
 Summon Ice Beast         Ice/Summ       Unusable   N/A       N/A         4

Dungeon Overview and Level Annotations

Branches:
Dungeon (12/15)            Temple (1/1) D:5            Lair (0/5) D:8
    Orc (0/2) D:10         Bailey (visited)           IceCv (1/1)

Altars:
Ashenzari
Cheibriados
Dithmenos
Elyvilon
Fedhas
Gozag
Hepliaklqana
Kikubaaqudgha
Makhleb
Nemelex Xobeh
Okawaru
Qazlal
Ru
Sif Muna
Trog
Uskayaw
Vehumet
Wu Jian
Xom
Yredelemnul
Zin
The Shining One

Shops:
D:2 ?   D:8 (   D:10 *


Innate Abilities, Weirdness & Mutations

You are immune to sickness and miasma.
Your stone body is resilient. (AC +9)
You are immune to poison.
You resist negative energy. (rN+)
You are resistant to electric shocks. (rElec)
You are resistant to unholy torment.
You are immune to petrification.


Message History

The ironbound frostheart is almost dead.
The ironbound frostheart closely misses you.
The ironbound frostheart touches you but does no damage.
You thump the ironbound frostheart!
You kill the ironbound frostheart!
Okawaru accepts your kill.
Your Fighting skill increases to level 10!
You hit the death yak but do no damage. You block the death yak's attack.
You hit the death yak but do no damage. The death yak gores you!
* * * LOW HITPOINT WARNING * * *
The death yak gores you but does no damage.
The death yak attacks as you move away! The death yak barely misses you.
The death yak attacks as you move away! You block the death yak's attack.
The death yak attacks as you move away! You block the death yak's attack.
The ironbound frostheart calls freezing cold from the walls.
The frost grips you but does no damage.
You are encased in ice.
The death yak attacks as you move away! You block the death yak's attack.
The death yak attacks as you move away!
The death yak gores you but does no damage.
The ice encasing you melts away.
The ironbound frostheart calls freezing cold from the walls.
The frost grips you! You resist.
* * * LOW HITPOINT WARNING * * *
You are encased in ice.
You gain the combat prowess of a mighty hero.
You block the death yak's attack.
The death yak gores you but does no damage.
The ironbound frostheart calls freezing cold from the walls.
The frost grips you but does no damage.
You bludgeon the death yak!!
The death yak is moderately wounded.
You block the death yak's attack. The death yak completely misses you.
You hit the death yak but do no damage.
The death yak is moderately wounded.
You block the death yak's attack. The death yak gores you.
* * * LOW HITPOINT WARNING * * *
The ironbound frostheart calls freezing cold from the walls.
The frost grips you. You resist.
You die...

≈≈ ##...#### #### ##
###....#######
###...#....#### # ###
###....##.†.## #≈
##.###### #########..#
#.##.#.#..[## ###..†##
#.Y###p....# ##....##
###.Y##...######....##
#
#..p##..#####@....###
##
#.p.###..####YY...##
#.#.##§ #.hY.
##...#....### ...§°§○
##..Y ###Yp.####
.§§§### ###. ##### .○#
# $. . }#


You could see 2 death yaks, an ironbound frostheart and a yak.

Vanquished Creatures
  A catoblepas (D:9)
  An ironbound frostheart (IceCv)
  2 vault guards (Bailey)
  4 two-headed ogres
  2 death yaks (IceCv)
  3 ugly things
  2 manticores
  A cyclops (D:11)
  An ice statue (IceCv)
  Maggie (D:8)
  A rime drake (IceCv)
  Psyche (D:8)
  A kobold demonologist (D:11)
  2 ice devils (D:12)
  2 trolls
  7 polar bears (IceCv)
  Prince Ribbit (Bailey)
  A hornet (D:10)
  A wyvern (D:10)
  3 humans (Bailey)
  29 yaks
  4 vampire mosquitoes (D:11)
  3 water moccasins
  10 orc warriors
  3 sky beasts (D:7)
  An ice beast (D:5)
  17 wolves (IceCv)
  2 ogres (D:6)
  4 centaurs
  3 kobold brigands
  Blork the orc (D:5)
  13 bullfrogs
  3 scorpions
  3 wights (D:10)
  12 killer bees
  3 howler monkeys
  A crimson imp (D:11)
  5 lava snakes (D:10)
  A quasit (D:4)
  6 orc priests
  3 hounds
  A gnoll bouda (D:8)
  18 orc wizards
  An iguana (D:5)
  3 gnolls (D:8)
  7 adders
  2 shadow imps (D:5)
  9 white imps
  3 ufetubi
  5 worms
  5 dart slugs
  43 orcs
  9 ball pythons
  6 endoplasms
  3 giant cockroaches
  17 goblins
  6 hobgoblins
  6 jackals
  7 quokkas
  10 bats
  3 frilled lizards
  14 kobolds
  5 rats
  A spectral orc (D:6)
349 creatures vanquished.

Vanquished Creatures (others)
  An orc wizard (D:5)
1 creature vanquished.

Grand Total: 350 creatures vanquished

Notes
Turn   | Place    | Note
-------+----------+-------------------------------------------
     0 | D:1      | AdnanSaban the Gargoyle Fighter began the quest for the
                  | Orb.
     0 | D:1      | Reached XP level 1. HP: 14/14 MP: 1/1
   153 | D:1      | Reached XP level 2. HP: 16/19 MP: 2/2
   288 | D:1      | Found a faded altar of an unknown god.
   350 | D:1      | Reached XP level 3. HP: 22/23 MP: 3/3
   930 | D:2      | Noticed a scorpion
   954 | D:2      | Killed a scorpion
   955 | D:2      | Reached skill level 3 in Maces & Flails
   955 | D:2      | Reached XP level 4. HP: 23/29 MP: 4/4
  1058 | D:2      | Reached XP level 5. HP: 33/33 MP: 5/5
  1311 | D:2      | Found The Oracle's Delphic Readings.
  2305 | D:4      | You fall into a shaft and drop 2 floors!
  2349 | D:5      | Entered Level 5 of the Dungeon
  2355 | D:5      | Reached skill level 4 in Maces & Flails
  2362 | D:5      | Found an ancient bone altar of Kikubaaqudgha.
  2387 | D:5      | Noticed a centaur
  2397 | D:5      | Killed a centaur
  2398 | D:5      | Reached XP level 6. HP: 18/38 MP: 6/6
  2825 | D:4      | Reached skill level 5 in Maces & Flails
  3082 | D:4      | Found a shimmering altar of Xom.
  3280 | D:4      | Reached XP level 7. HP: 24/44 MP: 7/7
  3372 | D:5      | Reached skill level 5 in Armour
  3624 | D:5      | Found an opulent altar of Gozag.
  3889 | D:5      | Reached skill level 5 in Fighting
  3892 | D:5      | Reached skill level 6 in Maces & Flails
  3942 | D:5      | Noticed Blork the orc
  3967 | D:5      | Reached XP level 8. HP: 39/49 MP: 8/8
  3993 | D:5      | Killed Blork the orc
  4244 | D:5      | Reached skill level 5 in Shields
  4296 | D:5      | Found a staircase to the Ecumenical Temple.
  4307 | Temple   | Entered the Ecumenical Temple
  4352 | Temple   | Became a worshipper of Warmaster Okawaru
  4560 | D:5      | Identified the +10 mace of Osol {heavy, rF++ rN++ Will+}
  4821 | D:6      | Reached skill level 7 in Maces & Flails
  4957 | D:6      | Found a shimmering blue altar of Sif Muna.
  4960 | D:6      | Found a hazy altar of Hepliaklqana.
  4960 | D:6      | Found a sacrificial altar of Ru.
  4961 | D:6      | Found a broken altar of Ashenzari.
  4961 | D:6      | Found a sparkling altar of Nemelex Xobeh.
  5047 | D:6      | Reached * piety under Okawaru
  5088 | D:6      | Found a basalt altar of Yredelemnul.
  5556 | D:7      | Found a snail-covered altar of Cheibriados.
  5995 | D:7      | Reached XP level 9. HP: 45/55 MP: 9/9
  6063 | D:7      | Noticed a two-headed ogre
  6356 | D:7      | Reached ** piety under Okawaru
  6465 | D:7      | Killed a two-headed ogre
  6466 | D:7      | Reached skill level 8 in Maces & Flails
  6945 | D:8      | Noticed Maggie
  6952 | D:8      | Killed Maggie
  6952 | D:8      | Reached *** piety under Okawaru
  7005 | D:8      | Reached skill level 9 in Maces & Flails
  7028 | D:8      | Found Jigokuvo's Antique Weapon Shop.
  7061 | D:8      | Reached XP level 10. HP: 51/61 MP: 10/10
  7291 | D:8      | Noticed Psyche
  7302 | D:8      | Killed Psyche
  7315 | D:8      | Reached **** piety under Okawaru
  7502 | D:8      | Found a staircase to the Lair.
  7731 | D:9      | Noticed a catoblepas
  7732 | D:9      | Noticed a manticore
  7929 | D:9      | Noticed a two-headed ogre
  7936 | D:9      | Killed a two-headed ogre
  7937 | D:9      | Reached skill level 10 in Maces & Flails
  8117 | D:9      | Found a flagged portal.
  8123 | Bailey   | Entered a bailey
  8239 | Bailey   | Reached ***** piety under Okawaru
  8240 | Bailey   | Reached skill level 10 in Armour
  8376 | Bailey   | Noticed Prince Ribbit
  8376 | Bailey   | Noticed a vault guard
  8390 | Bailey   | Killed Prince Ribbit
  8393 | Bailey   | Killed a vault guard
  8394 | Bailey   | Reached XP level 11. HP: 38/68 MP: 9/11
  8523 | Bailey   | Noticed a vault guard
  8534 | Bailey   | Killed a vault guard
  8534 | Bailey   | Received a gift from Okawaru
  8634 | Bailey   | Reached skill level 11 in Maces & Flails
  8712 | D:9      | Identified the +7 short sword "Olirhyedgh" {spect, Int+5}
  8733 | D:9      | Noticed a two-headed ogre
  8739 | D:9      | Killed a two-headed ogre
  8739 | D:9      | Identified the +0 ring mail of the Bulwark {rElec Str+3
                  | Slay+2} (Okawaru gifted it to you on level 9 of the
                  | Dungeon)
  8739 | D:9      | Received a gift from Okawaru
  8895 | D:9      | Killed a catoblepas
  8947 | D:9      | Killed a manticore
  9298 | D:10     | Entered Level 10 of the Dungeon
  9486 | D:10     | Noticed a two-headed ogre
  9501 | D:10     | Killed a two-headed ogre
  9684 | D:10     | Found a staircase to the Orcish Mines.
 10080 | D:10     | Reached skill level 12 in Maces & Flails
 10353 | D:10     | Found Ucettid's Assorted Antiques.
 10455 | D:10     | Identified the +3 robe of Veadwaxt {Int+3}
 10560 | D:10     | Found a stormy altar of Qazlal.
 10568 | D:10     | Found a blossoming altar of Fedhas.
 10788 | D:10     | Found a glowing golden altar of the Shining One.
 10939 | D:11     | Reached XP level 12. HP: 63/75 MP: 12/12
 12084 | D:12     | Received a gift from Okawaru
 12136 | D:12     | Found a frozen archway.
 12153 | IceCv    | Entered an ice cave
 12314 | IceCv    | Reached skill level 10 in Shields
 12548 | IceCv    | Reached ****** piety under Okawaru
 12710 | IceCv    | Reached skill level 13 in Maces & Flails
 12817 | IceCv    | Received a gift from Okawaru
 12845 | IceCv    | Noticed a death yak
 12864 | IceCv    | Killed a death yak
 12877 | IceCv    | Reached XP level 13. HP: 74/82 MP: 13/13
 13103 | IceCv    | Reached skill level 10 in Fighting
 13116 | IceCv    | HP: 4/82 [ironbound frostheart/creeping frost (15)]
 13119 | IceCv    | Killed from afar by an ironbound frostheart

Illustrated notes

Levels and vault maps discovered:
D:1:      dpeg_arrival_solitude, layout_loops_ring,
          hellmonk_ecumenical_altar_dog_temple, minmay_heptomino_o4
D:2:      layout_loops_ring, kennysheep_minor_cross, nicolae_nh_oracle_at_delphi
D:3:      layout_rooms, serial_rivers, chequers_serial_rivers_large_b,
          chequers_serial_rivers_room_a, chequers_serial_rivers_small_b,
          chequers_serial_rivers_micro_a, chequers_serial_rivers_micro_d,
          chequers_serial_rivers_micro_b, minmay_misc_feat_nine_boxes
D:4:      layout_basic, mainiacjoe_overflow_catwalk, portal_sewer_entry_d
D:5:      layout_rooms, nicolae_overflow_crystal_walls,
          nicolae_gozag_cash_rules_everything_around_me,
          minmay_temple_entry_butterflies, serial_demonic, serial_demonic_a,
          serial_demonic_c, serial_demonic_g, serial_demonic_a,
          serial_bayou_lagoon_b, uniq_blork_the_orc
D:6:      layout_loops_ring, yredelemnul_forgotten_temple_becter,
          grunt_temple_overflow_open
D:7:      layout_loops_corners, kennysheep_mini_moat
D:8:      layout_basic, lair_entry_dummy, serial_shops, shop,
          minmay_splitting_lines, uniq_maggie, uniq_psyche
D:9:      layout_roguey, enter_bailey_3, minmay_checkerbox
D:10:     layout_loops_corners, grunt_temple_overflow_forces_of_nature,
          nicolae_tso_swordbearing_angel, minmay_orc_entry_temple_small,
          serial_shops, nicolae_stop_n_shop_2, kennysheep_boxes
D:11:     layout_rooms, minmay_fire_ice_demons
D:12:     layout_cave_pools, portal_ice_cave_demonic_guard
Temple:   compressed_dpeg_triangle_lava_temple
IceCv:    ice_cave_caverns_01

Skill      XL: |  1  2  3  4  5  6  7  8  9 10 11 12 13 |
---------------+----------------------------------------+-----
Maces & Flails | 3 4 5 6 7 9 10 12 13 | 13.5
Armour         | 4 5 7 9 10 11 12 | 12.8
Fighting       | 4 5 6 7 8 9 10 | 10.0
Shields        | 4 5 6 7 9 11 | 11.5
Invocations    | |  0.4

Action                     |  1- 3 |  4- 6 |  7- 9 | 10-12 | 13-15 || total
---------------------------+-------+-------+-------+-------+-------++-------
  Melee: Flail             |   142 |   198 |   144 |       |       ||   484
         Mace              |       |       |   135 |   554 |    60 ||   749
 Invoke: Heroism           |       |       |       |     1 |     1 ||     2
 Armour: Scale mail        |    99 |   207 |   255 |    27 |       ||   588
         Chain mail        |       |       |       |   421 |       ||   421
         Plate armour      |       |       |       |    76 |    58 ||   134
  Dodge: Dodged            |    82 |   147 |   159 |   228 |    14 ||   630
  Block: Buckler           |    35 |    61 |    77 |   150 |       ||   323
         Tower shield      |       |       |       |   191 |    55 ||   246
